[Event "SixDays Budapest GM-C 09-2024"]
[Site "Budapest"]
[Date "2024.09.26"]
[Round "5.3"]
[White "Grover, Sahaj"]
[Black "Zia, Tahsin Tajwar"]
[Result "0-1"]
[ECO "B12"]
[WhiteElo "2496"]
[BlackElo "2255"]
[Annotator "TA"]
[PlyCount "80"]
[EventDate "2024.09.24"]
[EventType "tourn"]
[EventCountry "HUN"]
[SourceTitle "playchess.com"]
[Source "ChessBase"]
[SourceQuality "1"]
[TimeControl "5400+30"]

1. e4 c6 2. d4 d5 3. e5 Bf5 4. Nd2 e6 5. Nb3 Nd7 6. Nf3 Qc7 7. Be2 c5 8. c3 h6 {[%emt 0:00:40][%cal Bh7h6,Bh6g5,Bg5h4][%mdl 32] Weiß hat minimalen Vorteil.} 9. O-O c4 10. Nbd2 b5 11. Nh4 Bh7 12. f4 g5 13. fxg5 hxg5 {[%emt 0:00:31] [#]} 14. Bh5 $1 O-O-O $1 15. Bxf7 gxh4 16. Bxe6 Bd3 17. Rf2 Qc6 18. Bh3 {[%emt 0:00:07][%mdl 1024] Droht stark e6. Weiss hat Kompensation.} Be7 19. Nf3 {[%emt 0:01:45] Droht b4 und aus.} Rf8 (19... Kb7 $11 {hält das Gleichgewicht.}) 20. e6 (20. a4 $16) 20... Ndf6 $14 {[%emt 0:01:54] Weiss muss nun ...Ne4 beachten.} 21. Ne5 $1 Qe8 22. Nd7 (22. Nxd3 cxd3 23. Qxd3 Qc6) ({Vorzuziehen ist} 22. b3 $16) 22... Kb7 $1 $11 {[%emt 0:07:55] ...Nxd7 ist eine echte Drohung.} 23. a4 b4 {[%emt 0:24:08] Und ...Nxd7 würde nun gewinnen.} 24. Nxf8 Qxf8 25. a5 {[%emt 0:00:05] a6+ wäre nun fies.} (25. Bg5 Qe8 26. Bf4 b3 $16) 25... b3 26. a6+ Kb6 27. Bf4 Qe8 $1 28. Be5 Qh5 29. Qc1 Ne4 $1 30. Rf7 Rh7 $36 {[%emt 0:03:46][%mdl 2048] Weiss steht unter Druck. Schach mit Chili.} 31. Rf5 {[%emt 0:10:52] [#]} (31. Qf4 $11 Bg5 32. Rb7+ Rxb7 33. axb7 Kxb7 (33... Bxf4 34. b8=Q+ Kc6 35. Ra6#) 34. Qf7+ Ne7 (34... Qxf7 35. exf7 Be3+ 36. Kh1 $11) 35. Qxh5 Be3+ 36. Kh1 Nf2+ 37. Kg1 Nxh3+ 38. Kh1 Nf2+ 39. Kg1 Ne4+ 40. Kh1 Nf2+ 41. Kg1 Ne4+ 42. Kh1 Nf2+) 31... Ng5 $1 $19 32. Rxg5 (32. Kh1 {ist eine bessere Verteidigung.} Qg6 33. Rxg5 Bxg5 34. Qg1) 32... Bxg5 33. Bf4 (33. Qe1 $142) 33... Rg7 34. Ra4 (34. Qe3 $142 Qh6 35. Bxg5 Qxg5 36. Re1) 34... Bxf4 35. Rb4+ Kc6 ({Und nicht} 35... Kxa6 36. Qa1#) 36. Qa1 Qe2 {[%emt 0:01:19] Schwarz setzt Matt.} 37. Rb8 Bxb8 38. Qa4+ Kb6 39. Qb4+ Kxa6 40. Qa4+ Kb7 {[%emt 0:00:05] Gewichteter Fehlerwert: Weiß=0.59/Schwarz=0.07 (makellos) .  Verlustzug:     	Weiß=1     	---        Fehler:       	Weiß=5     	Schwarz=1     Ungenau:       	Weiß=2     	Schwarz=1     OK:         	Weiß=13    	Schwarz=10    Bester:       	Weiß=1     	Schwarz=3     Stark:        	---       	Schwarz=5} 0-1

[Event "SixDays Budapest GM-C 09-2024"]
[Site "Budapest"]
[Date "2024.09.26"]
[Round "5.4"]
[White "Palczert, Matyas"]
[Black "Mayank Chakraborty"]
[Result "1-0"]
[ECO "C11"]
[WhiteElo "2345"]
[BlackElo "2431"]
[Annotator "RC"]
[PlyCount "101"]
[EventDate "2024.09.24"]
[EventType "tourn"]
[EventCountry "HUN"]
[SourceTitle "playchess.com"]
[Source "ChessBase"]
[SourceQuality "1"]
[TimeControl "5400+30"]

1. e4 e6 2. d4 d5 3. Nc3 Nf6 4. e5 Nfd7 5. f4 c5 6. Nf3 Nc6 7. Be3 a6 8. Qd2 b5 9. dxc5 Bxc5 10. Bd3 Qb6 11. Bf2 h6 12. O-O Bxf2+ 13. Qxf2 Qxf2+ 14. Rxf2 g5 15. fxg5 hxg5 16. Nxg5 Ndxe5 17. Re1 Ra7 18. Nf3 Nxf3+ 19. Rxf3 Re7 20. Rf6 Kd7 21. a4 b4 22. Ne2 Kc7 23. Ng3 Rd7 24. Ref1 Ne5 25. Re1 Nxd3 26. cxd3 a5 27. Rc1+ Kd6 28. d4 Ke7 29. Rf2 Ra7 30. Rfc2 Bd7 31. b3 Kd6 32. Ne2 Rh4 33. Rf1 Ke7 34. Nf4 Ra8 35. g3 Rg4 36. Kf2 f6 37. h3 Rgg8 38. g4 Kd6 39. Rc5 Rg5 40. Kg3 f5 41. Nd3 Rag8 42. Rf4 fxg4 43. hxg4 e5 44. dxe5+ Ke7 45. Rxa5 Bxg4 46. Kf2 Bf5 47. Rxd5 Be6 48. Rb5 Bxb3 49. Rb7+ Ke6 50. Rf6+ Kd5 51. Rd7+ 1-0

[Event "SixDays Budapest GM-C 09-2024"]
[Site "Budapest"]
[Date "2024.09.26"]
[Round "5.5"]
[White "Sardana, Rishi"]
[Black "Susilodinata, Andrean"]
[Result "1/2-1/2"]
[ECO "B12"]
[WhiteElo "2477"]
[BlackElo "2393"]
[Annotator "RC"]
[PlyCount "75"]
[EventDate "2024.09.24"]
[EventType "tourn"]
[EventCountry "HUN"]
[SourceTitle "playchess.com"]
[Source "ChessBase"]
[SourceQuality "1"]
[TimeControl "5400+30"]

1. e4 c6 2. d4 d5 3. e5 Bf5 4. Nf3 e6 5. Be2 Nd7 6. O-O h5 7. c4 dxc4 8. Bxc4 Nh6 9. Nc3 Be7 10. Bxh6 Rxh6 11. Bd3 g6 12. Ne4 Nb6 13. Qd2 Rh8 14. b4 Nd5 15. Rab1 Kf8 16. a4 a5 17. bxa5 Qxa5 18. Qxa5 Rxa5 19. Rxb7 Rxa4 20. Nc5 Bxc5 21. Bxf5 Rb4 22. Rb1 gxf5 23. dxc5 Rxb1+ 24. Rxb1 Kg7 25. Rb7 Ra8 26. h4 Ra5 27. Ng5 Kg8 28. Rxf7 Nf4 29. Rd7 Rxc5 30. g3 Ne2+ 31. Kf1 Rxe5 32. Nf3 Re4 33. Ng5 Re5 34. Nf7 Rd5 35. Nh6+ Kh8 36. Nf7+ Kg8 37. Nh6+ Kh8 38. Nf7+ 1/2-1/2

[Event "SixDays Budapest GM-C 09-2024"]
[Site "Budapest"]
[Date "2024.09.28"]
[Round "7.1"]
[White "Gretarsson, Helgi Ass"]
[Black "Aczel, Gergely"]
[Result "1/2-1/2"]
[ECO "D35"]
[WhiteElo "2450"]
[BlackElo "2460"]
[Annotator "RC"]
[PlyCount "29"]
[EventDate "2024.09.24"]
[EventType "tourn"]
[EventCountry "HUN"]
[SourceTitle "playchess.com"]
[Source "ChessBase"]
[SourceQuality "1"]
[TimeControl "5400+30"]

1. d4 d5 2. c4 e6 3. Nc3 Nf6 4. cxd5 Nxd5 5. e4 Nxc3 6. bxc3 c5 7. Nf3 cxd4 8. cxd4 Bb4+ 9. Bd2 Bxd2+ 10. Qxd2 O-O 11. Bc4 Nd7 12. O-O b6 13. Rfe1 Bb7 14. Rad1 Nf6 15. Qf4 1/2-1/2

[Event "SixDays Budapest GM-C 09-2024"]
[Site "Budapest"]
[Date "2024.09.28"]
[Round "7.3"]
[White "Palczert, Matyas"]
[Black "Grebennikov, Nikolai A."]
[Result "1-0"]
[ECO "B41"]
[WhiteElo "2345"]
[BlackElo "2220"]
[Annotator "ChessBase"]
[PlyCount "73"]
[EventDate "2024.09.24"]
[EventType "tourn"]
[EventCountry "HUN"]
[SourceTitle "playchess.com"]
[Source "ChessBase"]
[SourceQuality "1"]
[TimeControl "5400+30"]

1. e4 c5 2. Nf3 e6 3. d4 cxd4 4. Nxd4 a6 5. c4 Nf6 6. Nc3 Bb4 7. Qd3 O-O 8. e5 Ne8 9. Bf4 d6 10. exd6 Bxd6 11. Nf3 Nc6 12. Bxd6 Qxd6 13. Qxd6 Nxd6 14. O-O-O Ne8 15. Nd4 Nxd4 16. Rxd4 e5 17. Rd5 f6 18. Rd8 Nc7 19. Rd6 Be6 20. Be2 b5 21. c5 b4 22. Na4 Bxa2 23. Nb6 Ra7 24. Rd7 Be6 25. Rhd1 Bxd7 26. Rxd7 g6 27. Kb1 Kh8 28. Bc4 f5 29. Nd5 Rc8 30. Ne7 Re8 31. Nc6 Rb7 32. Nd8 Rxd8 33. Rxd8+ Kg7 34. c6 Ra7 35. Rb8 Ra8 36. Rb7 Rc8 37. Be6 1-0

[Event "SixDays Budapest GM-C 09-2024"]
[Site "Budapest"]
[Date "2024.09.28"]
[Round "7.4"]
[White "Sardana, Rishi"]
[Black "Zia, Tahsin Tajwar"]
[Result "1-0"]
[ECO "B12"]
[WhiteElo "2477"]
[BlackElo "2255"]
[Annotator "ChessBase"]
[PlyCount "77"]
[EventDate "2024.09.24"]
[EventType "tourn"]
[EventCountry "HUN"]
[SourceTitle "playchess.com"]
[Source "ChessBase"]
[SourceQuality "1"]
[TimeControl "5400+30"]

1. e4 c6 2. d4 d5 3. e5 c5 4. c3 Nc6 5. Be2 Bf5 6. Nf3 e6 7. O-O Bg6 8. g3 Be7 9. a3 h5 10. h4 Nh6 11. b4 c4 12. Ng5 Nf5 13. Re1 Qb6 14. Bf4 Kd7 15. Nd2 Rae8 16. Nxc4 dxc4 17. d5 exd5 18. Qxd5+ Kc8 19. Nxf7 Bxf7 20. Qxf7 Ref8 21. Qxc4 Kb8 22. a4 g5 23. hxg5 h4 24. a5 Qc7 25. g4 Nfd4 26. Bh2 Nc2 27. Red1 Bxg5 28. Ra2 Ne3 29. fxe3 Bxe3+ 30. Kh1 Rf2 31. Qe4 Bg5 32. Bc4 Rhf8 33. Rxf2 Rxf2 34. Rf1 Rd2 35. a6 Be7 36. Bf4 Rb2 37. Bb5 Qc8 38. e6+ Ka8 39. Rd1 1-0

[Event "SixDays Budapest GM-C 09-2024"]
[Site "Budapest"]
[Date "2024.09.28"]
[Round "7.5"]
[White "Susilodinata, Andrean"]
[Black "Mayank Chakraborty"]
[Result "0-1"]
[ECO "A48"]
[WhiteElo "2393"]
[BlackElo "2431"]
[Annotator "ChessBase"]
[PlyCount "86"]
[EventDate "2024.09.24"]
[EventType "tourn"]
[EventCountry "HUN"]
[SourceTitle "playchess.com"]
[Source "ChessBase"]
[SourceQuality "1"]
[TimeControl "5400+30"]

1. d4 Nf6 2. Nf3 g6 3. Nc3 d5 4. Bf4 Bg7 5. h4 c6 6. e3 Bg4 7. Qd2 Nbd7 8. Ne5 Bf5 9. f3 h5 10. O-O-O Nxe5 11. Bxe5 b5 12. Kb1 Kf8 13. Ne2 Ne8 14. Bxg7+ Kxg7 15. Nf4 Nd6 16. Bd3 e6 17. Qe1 Qf6 18. Qc3 Bxd3 19. Nxd3 Nc4 20. Nc5 b4 21. Qd3 a5 22. Nd7 Qe7 23. Ne5 Nxe5 24. dxe5 Qc7 25. f4 c5 26. e4 c4 27. Qg3 dxe4 28. Qg5 b3 29. Qf6+ Kh7 30. cxb3 cxb3 31. a3 Rad8 32. Rc1 Qd7 33. g4 e3 34. gxh5 gxh5 35. Qg5 Qd3+ 36. Ka1 Qg6 37. Qe7 e2 38. Qb7 a4 39. Qf3 Qg4 40. Qe4+ Kh6 41. Qxa4 Rd1 42. Qb4 Rhd8 43. Re1 Rxe1 0-1

[Event "SixDays Budapest GM-C 09-2024"]
[Site "Budapest"]
[Date "2024.09.28"]
[Round "8.2"]
[White "Zia, Tahsin Tajwar"]
[Black "Susilodinata, Andrean"]
[Result "1/2-1/2"]
[ECO "D15"]
[WhiteElo "2255"]
[BlackElo "2393"]
[Annotator "ChessBase"]
[PlyCount "64"]
[EventDate "2024.09.24"]
[EventType "tourn"]
[EventCountry "HUN"]
[SourceTitle "playchess.com"]
[Source "ChessBase"]
[SourceQuality "1"]
[TimeControl "5400+30"]

1. d4 d5 2. c4 c6 3. Nf3 Nf6 4. Nc3 dxc4 5. e4 b5 6. Be2 e6 7. a4 b4 8. e5 Nd5 9. Ne4 c3 10. bxc3 bxc3 11. O-O a5 12. Ba3 Bb4 13. Nd6+ Kf8 14. h4 h6 15. g3 Ba6 16. Ne1 Bxe2 17. Qxe2 Na6 18. Nc2 h5 19. Ne3 g5 20. Nxd5 cxd5 21. f4 f5 22. hxg5 Kg7 23. Kg2 Kg6 24. Rh1 Qc7 25. g4 hxg4 26. Qxa6 Rxa6 27. Rxh8 Bxd6 28. Rah1 Qc4 29. R1h6+ Kg7 30. R6h7+ Kg6 31. Rh6+ Kg7 32. R6h7+ Kg6 1/2-1/2

[Event "SixDays Budapest GM-C 09-2024"]
[Site "Budapest"]
[Date "2024.09.28"]
[Round "8.3"]
[White "Grebennikov, Nikolai A."]
[Black "Sardana, Rishi"]
[Result "0-1"]
[ECO "E46"]
[WhiteElo "2220"]
[BlackElo "2477"]
[Annotator "ChessBase"]
[PlyCount "108"]
[EventDate "2024.09.24"]
[EventType "tourn"]
[EventCountry "HUN"]
[SourceTitle "playchess.com"]
[Source "ChessBase"]
[SourceQuality "1"]
[TimeControl "5400+30"]

1. d4 Nf6 2. c4 e6 3. Nc3 Bb4 4. e3 O-O 5. Nge2 Re8 6. a3 Bf8 7. d5 a5 8. Ng3 Na6 9. Be2 Nc5 10. b3 exd5 11. cxd5 Bd6 12. Bb2 Be5 13. Qc2 d6 14. Rb1 h5 15. b4 axb4 16. axb4 Na6 17. Bxa6 bxa6 18. O-O Ng4 19. Nce2 h4 20. h3 hxg3 21. hxg4 gxf2+ 22. Rxf2 Bxg4 23. Rbf1 Bxb2 24. Qxb2 Qg5 25. Rxf7 Qxe3+ 26. R1f2 Re5 27. Nd4 Qg5 28. Nc6 Re1+ 29. Rf1 Rae8 30. Rf8+ Rxf8 31. Rxe1 Kh8 32. Re7 Bf3 33. Qf2 Rf6 34. Qc2 Rg6 35. Re8+ Kh7 36. Nd4 Bxg2 37. Kf2 Bxd5 38. Ne2 Qg2+ 39. Ke1 Bf3 40. Qc4 Qh1+ 41. Kd2 d5 42. Qd3 Qh6+ 43. Kc2 Be4 44. Rxe4 dxe4 45. Qxe4 Qh2 46. Kb3 Qg2 47. Qd3 Qf1 48. Qe4 Qf7+ 49. Kb2 Kg8 50. Nf4 Rd6 51. Kc3 g5 52. Nd3 Qf6+ 53. Kc2 Qg6 54. Qc4+ Kf8 0-1

[Event "SixDays Budapest GM-C 09-2024"]
[Site "Budapest"]
[Date "2024.09.28"]
[Round "8.4"]
[White "Gatineau, Yovann"]
[Black "Palczert, Matyas"]
[Result "0-1"]
[ECO "D37"]
[WhiteElo "2400"]
[BlackElo "2345"]
[Annotator "ChessBase"]
[PlyCount "102"]
[EventDate "2024.09.24"]
[EventType "tourn"]
[EventCountry "HUN"]
[SourceTitle "playchess.com"]
[Source "ChessBase"]
[SourceQuality "1"]
[TimeControl "5400+30"]

1. d4 Nf6 2. c4 e6 3. Nf3 d5 4. Nc3 Be7 5. Bf4 O-O 6. e3 b6 7. Be2 Ba6 8. cxd5 Nxd5 9. Nxd5 Qxd5 10. Bxc7 Qa5+ 11. Kf1 Bxe2+ 12. Qxe2 Rc8 13. Bxb8 Raxb8 14. g3 Qf5 15. Kg2 Rc2 16. Qa6 Rbc8 17. Rhe1 Qe4 18. Qb5 g5 19. Qe5 Qxe5 20. Nxe5 Rxb2 21. Rec1 Rcc2 22. Rxc2 Rxc2 23. a4 f6 24. Nd3 Rc3 25. Ne1 Kf7 26. Kf3 Bb4 27. h4 gxh4 28. gxh4 e5 29. dxe5 fxe5 30. h5 Ke6 31. Ke2 e4 32. Ng2 Rc2+ 33. Kf1 Bd6 34. Nf4+ Bxf4 35. exf4 Kf5 36. Rd1 Kg4 37. f5 Kf3 38. Kg1 Rc5 39. Rd7 Rxf5 40. Rxh7 Ke2 41. Re7 Rg5+ 42. Kh2 Kxf2 43. Rf7+ Ke2 44. Rxa7 Rxh5+ 45. Kg3 e3 46. Ra6 Rg5+ 47. Kf4 Ra5 48. Rxb6 Kf2 49. Ke4 Rxa4+ 50. Kd3 Ra3+ 51. Kc2 e2 0-1

[Event "SixDays Budapest GM-C 09-2024"]
[Site "Budapest"]
[Date "2024.09.28"]
[Round "8.5"]
[White "Gretarsson, Helgi Ass"]
[Black "Grover, Sahaj"]
[Result "0-1"]
[ECO "D38"]
[WhiteElo "2450"]
[BlackElo "2496"]
[Annotator "ChessBase"]
[PlyCount "128"]
[EventDate "2024.09.24"]
[EventType "tourn"]
[EventCountry "HUN"]
[SourceTitle "playchess.com"]
[Source "ChessBase"]
[SourceQuality "1"]
[TimeControl "5400+30"]

1. d4 Nf6 2. c4 e6 3. Nf3 d5 4. Nc3 Bb4 5. cxd5 exd5 6. Bg5 h6 7. Bh4 O-O 8. e3 Bf5 9. Be2 Nbd7 10. Qb3 Bxc3+ 11. Qxc3 g5 12. Bg3 Ne4 13. Qxc7 Qxc7 14. Bxc7 Rac8 15. Rc1 Nb6 16. O-O Na4 17. Ba5 Nxb2 18. Bb4 Rfd8 19. h3 Na4 20. Bd3 Nb2 21. Be2 Kg7 22. Rfe1 Na4 23. Bd3 Bh7 24. Be7 Rh8 25. Ne5 Nec3 26. Rc2 Bxd3 27. Nxd3 b6 28. Kf1 a5 29. Rec1 f6 30. Ba3 Rc4 31. Nb2 Nxb2 32. Bxb2 Ne4 33. f3 Nd6 34. e4 b5 35. exd5 Rhc8 36. Rxc4 Nxc4 37. d6 Kf7 38. a4 Rd8 39. Bc3 bxa4 40. Ke2 Rxd6 41. Ra1 a3 42. Kd3 Rc6 43. d5 Rc5 44. Kd4 Rc8 45. Kd3 Nb2+ 46. Kd2 Rd8 47. Ke2 Re8+ 48. Kd2 Nc4+ 49. Kd3 Ne3 50. Rxa3 Nxg2 51. Bd2 Nh4 52. Kc4 a4 53. Ba5 Ra8 54. Kb5 Ke7 55. Kxa4 Kd6 56. Rd3 Ng6 57. Kb5 Rb8+ 58. Ka4 Nf4 59. Rd1 Nxd5 60. Bc7+ Kxc7 61. Rxd5 Kc6 62. Rf5 Rf8 63. h4 Kd6 64. hxg5 Ke6 0-1